 Dungeon Crawl Stone Soup version 0.30.1-11-g7821555f0a (webtiles) character file.

Game seed: 9032895802958153408

29967 Jerry the Grappler (level 13, -26/133 HPs)
             Began as a Troll Monk on Dec 10, 2023.
             Was a Follower of Uskayaw.
             Annihilated by a yak (34 damage)
             ... on level 5 of the Lair of Beasts.
             The game lasted 00:45:18 (12881 turns).

Jerry the Grappler (Troll Monk)                    Turns: 12881, Time: 00:45:18

Health: -26/133    AC: 10    Str: 24    XL:     13   Next: 18%
Magic:  13/13      EV:  1    Int:  6    God:    Uskayaw [*.....]
Gold:   990        SH:  0    Dex: 14    Spells: 12/12 levels left

rFire   . .          .
                       - Unarmed
rCold   . . .        c - orb {light}
rNeg    . . .        L - +0 acid dragon scales
rPois   .            (helmet restricted)
rElec   +            (no cloak)
rCorr   +            (gloves unavailable)
SInv    .            (boots unavailable)
Will    +....        (no amulet)
Stlth   +            a - +5 ring of evasion
HPRegen 1.22/turn    p - +4 ring of slaying
MPRegen 0.13/turn

%: no passive effects
@: sleeping, glowing, unable to drink
A: large, unfitting armour, claws 3, regeneration 1, shaggy fur 1, tough skin 1,
strong-willed 1, electricity resistance, inability to drink after injury 1,
MP-powered wands
a: Renounce Religion, Stomp


You were on level 5 of the Lair of Beasts.
You worshipped Uskayaw.
Uskayaw was noncommittal.
You visited 4 branches of the dungeon, and saw 18 of its levels.

You collected 990 gold pieces.

Inventory:

Missiles
 g - 7 curare-tipped darts
 s - 5 throwing nets (quivered)
Armour
 c - an orb of light (worn)
 w - +1 steam dragon scales
 L - +0 acid dragon scales (worn)
Jewellery
 a - a +5 ring of evasion (left claw)
 k - a ring of resist corrosion
 p - a +4 ring of slaying (right claw)
 A - the ring "Gaompe Wyeps" {rF+ rN+}
   (You found it on level 7 of the Dungeon)

   [ring of protection from fire]

   rF:        It protects you from fire.
   rN:        It protects you from negative energy.
 M - a ring of protection from fire
Wands
 l - a wand of light (14)
 r - a wand of digging (17)
 E - a wand of roots (6)
 G - a wand of flame (18)
 H - a wand of polymorph (1)
Scrolls
 d - a scroll of fear
 e - a scroll of blinking
 m - a scroll of magic mapping
 q - 2 scrolls of enchant weapon
 y - a scroll of teleportation
Potions
 b - 3 potions of ambrosia
 f - 7 potions of curing
 h - 3 potions of magic
 i - a potion of heal wounds
 j - a potion of cancellation {unknown}
 n - a potion of mutation
 o - 2 potions of attraction
 t - 4 potions of lignification
 u - 2 potions of might
 v - 3 potions of resistance
 x - 2 potions of invisibility
 z - 5 potions of brilliance
 B - 2 potions of flight
 I - 3 potions of haste


   Skills:
 + Level 10.0 Fighting
 + Level 8.8 Armour
 + Level 10.0 Dodging
 + Level 12.6 Unarmed Combat
 + Level 1.5 Invocations


You had 12 spell levels left.
You didn't know any spells.
Your spell library contained the following spells:

 Spells                   Type           Power      Damage    Failure   Level
 Sandblast                Erth           0%         2d4       52%         1
 Sting                    Tmut/Pois      0%         1d3       52%         1
 Summon Small Mammal      Summ           0%         N/A       52%         1
 Ensorcelled Hibernation  Hex/Ice        0%         N/A       65%         2
 Passwall                 Tmut/Erth      0%         N/A       65%         2
 Poisonous Vapours        Pois/Air       0%         N/A       65%         2
 Call Canine Familiar     Summ           0%         N/A       87%         3
 Dazzling Flash           Conj/Hex       0%         N/A       87%         3
 Stone Arrow              Conj/Erth      0%         3d7       87%         3
 Summon Guardian Golem    Hex/Summ       0%         N/A       87%         3
 Swiftness                Air            0%         N/A       87%         3
 Tukima's Dance           Hex            0%         N/A       87%         3
 Volatile Blastmotes      Fire/Tloc      0%         2d10      87%         3
 Iskenderun's Mystic Bla  Conj/Tloc      0%         2d3       99%         4
 Leda's Liquefaction      Hex/Erth       0%         N/A       99%         4
 Olgreb's Toxic Radiance  Pois           0%         N/A       99%         4
 Passage of Golubria      Tloc           0%         N/A       99%         4
 Lee's Rapid Deconstruct  Erth           0%         3d4*      100%        5
 Yara's Violent Unravell  Hex/Tmut       0%         3d3       100%        5
 Starburst                Conj/Fire      0%         6d3       100%        6
 Statue Form              Tmut/Erth      0%         N/A       100%        6


Dungeon Overview and Level Annotations

Branches:
Dungeon (11/15)            Temple (1/1) D:7            Lair (5/5) D:11
  Snake (0/4) Lair:2        Slime (1/5) Lair:4          Orc (0/2) D:11
  Swamp: Lair:2-3    Shoals: Lair:2-3

Altars:
Ashenzari
Cheibriados
Dithmenos
Elyvilon
Fedhas
Gozag
Hepliaklqana
Kikubaaqudgha
Makhleb
Nemelex Xobeh
Okawaru
Qazlal
Ru
Sif Muna
Trog
Uskayaw
Vehumet
Wu Jian
Xom
Yredelemnul
Zin
The Shining One

Shops:
D:3 :

Portals:
Trove: D:11 (give +5 demon trident)

Annotations:
D:8 2 transporters, ripuliukko's ghost, novice GrEE


Innate Abilities, Weirdness & Mutations

You are too large for most types of armour.
You have claws for hands.
Your natural rate of healing is unusually fast.
You are covered in fur. (AC +1)
You have tough skin. (AC +1)
You are strong-willed. (Will+)
You are resistant to electric shocks. (rElec)
You occasionally lose the ability to drink potions when taking damage.
You expend magic power (3 MP) to strengthen your wands.


Message History

You scratch the dream sheep.
The dream sheep is moderately wounded.
The dream sheep shake their wool and sparkle.
You feel drowsy...
You fall asleep.
The yak gores you!!!
You wake up.
The dream sheep misses you. The cane toad misses you.
The yak closely misses you. The yak attacks as you move away!
The yak gores you but does no damage. The yak attacks as you move away!
The yak barely misses you. The yak attacks as you move away! The yak gores you.
The cane toad stings you but does no damage.
The cane toad attacks as you move away! The cane toad misses you.
The dream sheep shake their wool and sparkle.
You feel drowsy...
You fall asleep.
The yak gores you!
You wake up.
The cane toad stings you.
You can no longer merge with and destroy a victim.
The yak attacks as you move away! The yak barely misses you.
The yak attacks as you move away! The yak misses you.
The yak attacks as you move away! The yak closely misses you.
The dream sheep shake their wool and sparkle.
You feel drowsy...
You fall asleep.
The yak gores you!
You wake up.
The cane toad attacks as you move away! The cane toad stings you!
You can no longer pass through a line of other dancers.
The cane toad misses you. The yak attacks as you move away!
The yak completely misses you. The yak attacks as you move away!
The yak misses you. The cane toad attacks as you move away!
The cane toad stings you!
* * * LOW HITPOINT WARNING * * *
The cane toad attacks as you move away! The cane toad stings you.
* * * LOW HITPOINT WARNING * * *
There is a stone staircase leading up here.
The cane toad stings you!!
You feel threatened and lose the ability to drink potions!
* * * LOW HITPOINT WARNING * * *
The yak gores you but does no damage.
The dream sheep shake their wool and sparkle.
You feel drowsy...
You fall asleep.
You stop ascending the stairs.
The yak gores you!!
You die...

Y.##....#...............
.Y #...###..............
Y. ##...##Y.Y...........
.Y #...#..Y.............##
.. .............†........#
..
....##................#..
..
##....#......BY.......P.P.
#..#.......YYF...........
#. ###......@......~~~~~.
#.........).~≈~≈≈≈≈.
#..........<.≈≈≈≈≈≈~~
.............~~≈≈≈≈≈≈~
..............~~≈≈≈≈≈≈
.....?.......}.~~~~~≈≈
#..............~....~~
##...........#.......
#...................


You could see a death yak, a boulder beetle, 2 yaks, a cane toad and 3 dream
sheep.

Vanquished Creatures
  A boulder beetle (D:11)
  2 centaur warriors (D:7)
  5 two-headed ogres
  A skyshark (Lair:5)
  Pikel (D:6)
  A lindwurm (Lair:4)
  A salamander (Lair:2)
  3 black mambas
  4 elephants (Lair:3)
  4 cane toads
  2 rime drakes
  A gargoyle (D:10)
  2 tengu conjurers (D:11)
  3 komodo dragons
  5 trolls
  8 hornets
  Grinder (D:3)
  2 polar bears
  A snapping turtle (Lair:2)
  3 blink frogs (Lair:1)
  2 slime creatures (Lair:4)
  2 wraiths
  26 yaks
  2 wyverns
  3 steam dragons
  A basilisk (Lair:1)
  2 vampire mosquitoes (D:11)
  An acid dragon (D:10)
  3 swamp worms (Lair:2)
  9 water moccasins
  4 orc warriors
  2 ice beasts
  3 black bears
  6 ogres
  6 wolves (Lair:1)
  3 centaurs
  4 sky beasts (D:7)
  A lemure (D:6)
  A phantom (D:7)
  7 kobold brigands
  16 bullfrogs
  4 gnoll sergeants
  11 wights
  9 killer bees
  4 electric eels
  4 howler monkeys
  3 lava snakes (Lair:2)
  7 hounds
  5 orc priests
  3 jellies
  5 sleepcaps
  4 iguanas
  16 orc wizards
  30 gnolls
  9 adders
  2 shadow imps (D:7)
  2 white imps
  2 ufetubi (D:7)
  2 dart slugs (D:1)
  51 orcs
  7 bats
  13 endoplasms
  3 giant cockroaches
  9 hobgoblins
  12 jackals (D:3)
  18 kobolds
  2 quokkas
  3 ball pythons (D:1)
  3 goblins
  6 rats
  A butterfly (Lair:2)
405 creatures vanquished.

Vanquished Creatures (others)
  An endoplasm (D:4)
  A quokka (D:4)
2 creatures vanquished.

Grand Total: 407 creatures vanquished

Notes
Turn   | Place    | Note
-------+----------+-------------------------------------------
     0 | D:1      | Jerry the Troll Monk began the quest for the Orb.
     0 | D:1      | Reached XP level 1. HP: 22/22 MP: 0/0
   111 | D:1      | Reached XP level 2. HP: 29/29 MP: 1/1
   673 | D:2      | Found a faded altar of an unknown god.
   757 | D:2      | Reached XP level 3. HP: 36/36 MP: 2/2
  1399 | D:3      | Reached skill level 4 in Unarmed Combat
  1399 | D:3      | Reached XP level 4. HP: 45/45 MP: 3/3
  1541 | D:3      | Reached XP level 5. HP: 49/53 MP: 4/4
  1788 | D:3      | Found Riunif's Book Emporium.
  1791 | D:3      | Noticed Grinder
  1805 | D:3      | Killed Grinder
  1806 | D:3      | Reached skill level 5 in Unarmed Combat
  1806 | D:3      | Reached XP level 6. HP: 36/62 MP: 5/5
  2265 | D:2      | Reached XP level 7. HP: 25/68 MP: 1/6
  2313 | D:3      | Reached skill level 6 in Unarmed Combat
  2338 | D:3      | Found a bloodstained altar of Trog.
  3001 | D:4      | Found a shadowy altar of Dithmenos.
  3004 | D:4      | Found a radiant altar of Vehumet.
  3012 | D:4      | Found an ancient bone altar of Kikubaaqudgha.
  3022 | D:4      | Found a shimmering altar of Xom.
  3055 | D:4      | Found an ornate altar of the Wu Jian Council.
  3152 | D:4      | Noticed a steam dragon
  3210 | D:4      | Killed a steam dragon
  3211 | D:4      | Reached skill level 7 in Unarmed Combat
  3748 | D:5      | Entered Level 5 of the Dungeon
  3833 | D:5      | Reached XP level 8. HP: 75/79 MP: 7/7
  3852 | D:5      | Reached skill level 1 in Armour
  4045 | D:5      | Reached skill level 5 in Dodging
  4197 | D:5      | Reached skill level 5 in Fighting
  4361 | D:6      | Identified the +4 rapier of the Dead {venom, rF+}
  4377 | D:6      | Found a stormy altar of Qazlal.
  4401 | D:6      | Noticed Pikel
  4413 | D:6      | Killed Pikel
  4414 | D:6      | Reached skill level 8 in Unarmed Combat
  4414 | D:6      | Reached XP level 9. HP: 88/88 MP: 8/8
  4883 | D:7      | Found a sparkling altar of Nemelex Xobeh.
  4891 | D:7      | Found a blossoming altar of Fedhas.
  4909 | D:7      | Found a staircase to the Ecumenical Temple.
  4931 | Temple   | Entered the Ecumenical Temple
  5372 | D:7      | Found a burning altar of Makhleb.
  5449 | D:7      | Noticed a troll
  5461 | D:7      | Noticed a troll
  5464 | D:7      | Killed a troll
  5469 | D:7      | Killed a troll
  5565 | D:7      | Noticed a centaur warrior
  5578 | D:7      | Reached skill level 9 in Unarmed Combat
  5584 | D:7      | Killed a centaur warrior
  5585 | D:7      | Reached XP level 10. HP: 74/100 MP: 9/9
  5708 | D:7      | Noticed a centaur warrior
  5723 | D:7      | Killed a centaur warrior
  5724 | D:7      | Reached skill level 5 in Armour
  5733 | D:7      | Noticed a two-headed ogre
  5749 | D:7      | Killed a two-headed ogre
  5776 | D:7      | Identified the ring "Gaompe Wyeps" {rF+ rN+}
  6133 | D:7      | Gained mutation: You occasionally lose the ability to drink
                  | potions when taking damage. [potion of mutation]
  6133 | D:7      | Gained mutation: You are resistant to electric shocks.
                  | (rElec) [potion of mutation]
  6133 | D:7      | Gained mutation: You expend magic power (3 MP) to
                  | strengthen your wands. [potion of mutation]
  6133 | D:7      | Gained mutation: You are strong-willed. (Will+) [potion of
                  | mutation]
  6211 | D:8      | Found a transporter.
  6284 | D:8      | Reached skill level 10 in Unarmed Combat
  6299 | D:8      | Found a glowing golden altar of the Shining One.
  6331 | D:8      | Found a transporter.
  6335 | D:8      | Noticed a deep elf pyromancer
  6356 | D:8      | Noticed ripuliukko's ghost (novice GrEE)
  6982 | D:9      | Reached XP level 11. HP: 109/109 MP: 10/10
  7180 | D:9      | Noticed a two-headed ogre
  7199 | D:9      | Killed a two-headed ogre
  7411 | D:9      | Found a white marble altar of Elyvilon.
  7798 | D:10     | Entered Level 10 of the Dungeon
  7884 | D:10     | Noticed a two-headed ogre
  7911 | D:10     | Killed a two-headed ogre
  8319 | D:10     | Found a basalt altar of Yredelemnul.
  8345 | D:10     | Found a hide-covered altar of Uskayaw.
  8351 | D:10     | Became a worshipper of Uskayaw the Reveller
  8351 | D:10     | Reached * piety under Uskayaw
  8508 | D:10     | Reached ** piety under Uskayaw
  8742 | D:11     | Noticed a two-headed ogre
  8761 | D:11     | Killed a two-headed ogre
  8831 | D:11     | Reached skill level 11 in Unarmed Combat
  8845 | D:11     | Reached *** piety under Uskayaw
  8848 | D:11     | Reached **** piety under Uskayaw
  8897 | D:11     | Noticed a two-headed ogre
  8912 | D:11     | Reached ***** piety under Uskayaw
  8913 | D:11     | Killed a two-headed ogre
  8927 | D:11     | Noticed a boulder beetle
  8964 | D:11     | Killed a boulder beetle
  8965 | D:11     | Reached XP level 12. HP: 64/122 MP: 11/11
  9129 | D:11     | Found a portal to a secret trove of treasure.
  9279 | D:11     | Found a staircase to the Lair.
  9376 | D:11     | Found a staircase to the Orcish Mines.
  9406 | D:11     | Reached ****** piety under Uskayaw
  9644 | Lair:1   | Entered Level 1 of the Lair of Beasts
 10641 | Lair:2   | Reached skill level 12 in Unarmed Combat
 10967 | Lair:2   | Found a staircase to the Snake Pit.
 11359 | Lair:2   | Noticed a seven-headed hydra
 11370 | Lair:2   | a seven-headed hydra changed into a snapping turtle
 11514 | Lair:2   | Noticed a six-headed hydra
 11526 | Lair:2   | HP: 4/124 [12-headed hydra (9)]
 11895 | Lair:4   | Paralysed by a hornet for 2 turns
 11974 | Lair:4   | Reached XP level 13. HP: 133/133 MP: 12/12
 12301 | Lair:4   | Found a staircase to the Slime Pits.
 12405 | Slime:1  | Entered Level 1 of the Pits of Slime
 12405 | Slime:1  | Noticed a rockslime
 12463 | Lair:4   | Reached skill level 1 in Invocations
 12765 | Lair:5   | Entered Level 5 of the Lair of Beasts
 12789 | Lair:5   | Reached skill level 10 in Dodging
 12844 | Lair:5   | Reached skill level 10 in Fighting
 12881 | Lair:5   | Annihilated by a yak

Illustrated notes

Levels and vault maps discovered:
D:1:      tekkud_arrival_beachfront_property, layout_basic,
          hangedman_abyss_or_decor_stabs, kennysheep_small_spiral
D:2:      layout_basic, dreamdust_ecumenical_altar_statues, moated_statue
D:3:      lemuel_castle_with_subvaults [lemuel_castle_interior_original],
          layout_basic, trog_hazing_becter, serial_shops, shop,
          nicolae_half_adder, uniq_grinder
D:4:      layout_loops_ring, grunt_temple_overflow_cloverleaf,
          nicolae_wu_jian_wuxing_cycle
D:5:      layout_loops_ring
D:6:      layout_basic, lemuel_crystal_altar, grunt_decor_mini_mirrors,
          uniq_pikel
D:7:      nzn_winding_woodlands_large [nzn_winding_woodlands_5x5_checkerboard,
          nzn_winding_woodlands_5x15_split_checker,
          nzn_winding_woodlands_5x5_closed_star,
          nzn_winding_woodlands_center_diamonds,
          nzn_winding_woodlands_15x15_eel_pit,
          nzn_winding_woodlands_center_garden,
          nzn_winding_woodlands_5x5_open_star,
          nzn_winding_woodlands_5x15_river_crossing,
          nzn_winding_woodlands_5x5_cross], layout_cave_pools,
          lemuel_doored_altar, mainiacjoe_overflow_divided_tiny,
          minmay_temple_entry_junction_2, grunt_ministairs_10
D:8:      layout_loops_ring, mainiacjoe_overflow_six_doors_small,
          nzn_ghost_randoct
D:9:      layout_basic, elyvilon_altar_1
D:10:     nicolae_BIG_FREAKIN_CUBE, layout_loops_ring,
          mainiacjoe_overflow_chevrons, mainiacjoe_overflow_surrounded_room
D:11:     layout_basic, lair_entry_dummy,
          kennysheep_orc_monster_closet_entryway, nicolae_trove_entry_isolated
Temple:   hellmonk_temple_forest_ring
Lair:1:   layout_gridlike
Lair:2:   layout_misc_corridors, palyth_hydra_swamp_entry,
          nicolae_snake_entry_warm_welcome, grunt_forest_small_clearings,
          serial_bayou_shore_b, serial_bayou_shore_b, lemuel_fruit_fields
Lair:3:   layout_hall_layers, gauntlet_entry_generic,
          infiniplex_staircase_pool_2, uniq_nergalle
Lair:4:   layout_regular_city, minmay_slime_entry_pillars, dreamdust_wasp_nest
Lair:5:   hangedman_lair_in_review, layout_long_grid, guppyfry_lair_end_dragon,
          serial_bayou_ford_a, infiniplex_staircase_pool, uniq_josephine
Slime:1:  layout_caves

Skill      XL: |  1  2  3  4  5  6  7  8  9 10 11 12 13 |
---------------+----------------------------------------+-----
Fighting       | 3 4 5 6 7 8 9 10 | 10.0
Dodging        | 3 4 5 6 7 8 9 10 | 10.0
Unarmed Combat | 4 5 7 8 9 10 11 12 | 12.6
Armour         | 2 4 5 7 8 |  8.8
Invocations    | 1 |  1.5

Action                     |  1- 3 |  4- 6 |  7- 9 | 10-12 | 13-15 || total
---------------------------+-------+-------+-------+-------+-------++-------
  Melee: Unarmed           |    68 |    92 |   273 |   529 |    74 ||  1036
  Evoke: Wand              |       |       |       |     8 |       ||     8
    Use: Scroll            |       |       |    14 |    13 |       ||    27
         Potion            |       |       |       |     2 |       ||     2
   Stab: Paralysed         |       |       |       |    23 |     1 ||    24
 Armour: Robe              |    18 |    29 |    15 |       |       ||    62
         Steam dragon scal |       |       |    78 |    59 |       ||   137
         Acid dragon scale |       |       |       |    69 |    17 ||    86
  Dodge: Dodged            |    33 |    58 |   176 |   378 |    56 ||   701
